 Dungeon Sprint DCSS version 0.31-a0-986-g5e6e4ef867 (webtiles) character file.

Game seed: 1669399305824136904

52 rocky1 the Changeling (level 3, -13/23 HPs)
             Began as an Octopode Shapeshifter on Nov 17, 2023.
             Mangled by a water elemental (17 damage)
             ... in the Dungeon (Sprint III: "The Ten Rune Challenge").
             The game lasted 00:02:23 (153 turns).

rocky1 the Changeling (Octopode Shapeshifter)        Turns: 153, Time: 00:02:23

Health: -13/23     AC:  1    Str: 16    XL:     3   Next: 85%
Magic:  3/3        EV: 14    Int: 10    God:
Gold:   31         SH:  0    Dex: 16    Spells: 2/2 levels left

rFire   . .          .
                       - Unarmed
rCold   . . .        (no shield)
rNeg    . . .        (helmet currently unavailable)
rPois   .            (no amulet)
rElec   .            (no ring)
rCorr   .            (no ring)
SInv    .            (no ring)
Will    .....        (no ring)
Stlth   +++          (no ring)
HPRegen 0.23/turn    (no ring)
MPRegen 0.08/turn    (no ring)
                     (no ring)

%: no teleportation
@: beast-form, engulfed
A: beast (slay +3), almost no armour, amphibious, 8 rings, camouflage 1,
gelatinous body 1, (nimble swimmer 1), tentacles, tentacle spike 1, agile 1,
strong 1, evolution 1
a: Begin Untransformation


You were in the Dungeon.
You were a hulking beast.
You visited 1 branch You collected 31 gold pieces.

Inventory:

Talismans
 b - a beast talisman
 c - a flux talisman
Scrolls
 i - a scroll of blinking
 k - a scroll of torment
 n - a scroll of immolation {unknown}
Potions
 a - a potion of lignification
 d - a potion of curing
 f - a potion of haste
 g - 2 potions of magic
 h - a potion of berserk rage
 j - 5 potions of mutation
 m - a potion of attraction
 o - a potion of enlightenment


   Skills:
 + Level 1.1 Fighting
 + Level 2.7 Dodging
 + Level 1.6 Stealth
 + Level 5.1 Unarmed Combat
 + Level 5.6 Shapeshifting


You had 2 spell levels left.
You didn't know any spells.
Your spell library was empty.

Dungeon Overview and Level Annotations

Branches:
Dungeon (1/1)

Altars:


Innate Abilities, Weirdness & Mutations

You are a hulking beast.
Your limbs bulge with bestial killing power. (Slay +3)
You cannot wear most types of armour.
You are amphibious.
You can wear up to eight rings at the same time.
Your skin changes colour to match your surroundings (Stealth+).
Your rubbery body absorbs attacks. (AC +1, EV +1)
((You are camouflaged when in or above water. (Stealth+)))
You have tentacles for arms and can constrict up to eight enemies at once.
One of your tentacles bears a spike.
You are agile. (Dex +4, Str/Int -1)
Your muscles are strong. (Str +4, Int/Dex -1)
You have hidden genetic potential.


Message History

o - a brown potion You now have 31 gold pieces (gained 8).
There is an open door here.
Okay, then.
As you read the scroll of identify, it crumbles to dust.
m - a potion of attraction
As you read the scroll of identify, it crumbles to dust.
o - a potion of enlightenment
As you read the scroll of identify, it crumbles to dust.
k - a scroll of torment Unknown command.
You feel extremely strange.
You feel a hidden potential growing inside you.
One of your lower tentacles grows a sharp spike.
You feel agile.
You feel stronger.
You open the door.
A water elemental comes into view.
Unknown command.
There is an open door to the Ecumenical Temple here.
The helpless water elemental fails to defend itself.
You tentacle-slap the water elemental.
You pierce the water elemental.
The water elemental is moderately damaged.
The water elemental closely misses you.
You bludgeon the water elemental!
You squeeze the water elemental, but do no damage.
The water elemental is severely damaged.
The water elemental hits you!
Ouch! That really hurt!
You feel much better. The water elemental hits you!!
Ouch! That really hurt!
* * * LOW HITPOINT WARNING * * *
The water elemental engulfs you in water!
You tentacle-slap the water elemental.
The water elemental is almost destroyed.
The water elemental closely misses you.
You barely miss the water elemental.
The water elemental is almost destroyed.
The water elemental hits you!
Ouch! That really hurt!
You die...

▓▓▓▓▓▓ ▓▓▓ .#...####
##.# .#......#####..#
##.....).#..#..#
.##.##...#..#..###+#+###
.##.###..##'#..#........
####.##..###...'hE......
##..##..####...#...#####
....##..###....#.⌠.#
#..##...##.....#...#
..##....#†.....#+###
.###..##.#.....# .# #..
####....# ▓▓ ▓▓▓ ▓▓▓▓▓▓


You could see a water elemental.

Vanquished Creatures
  Jessica (D)
  A human (D)
  A phantom (D)
  2 endoplasms (D)
  A rat (D)
6 creatures vanquished.

Notes
Turn   | Place    | Note
-------+----------+-------------------------------------------
     0 | D        | rocky1 the Octopode Shapeshifter began the quest for the
                  | Orb.
     0 | D        | Reached XP level 1. HP: 13/13 MP: 1/1
    31 | D        | Noticed Jessica
    36 | D        | Killed Jessica
    37 | D        | Reached skill level 1 in Stealth
    37 | D        | Reached XP level 2. HP: 16/18 MP: 2/2
    37 | D        | Reached XP level 3. HP: 21/23 MP: 3/3
    61 | D        | Reached skill level 5 in Shapeshifting
    76 | D        | Reached skill level 5 in Unarmed Combat
   141 | D        | Gained mutation: You have hidden genetic potential. [potion
                  | of mutation]
   141 | D        | Gained mutation: One of your tentacles bears a spike.
                  | [potion of mutation]
   141 | D        | Gained mutation: You are agile. (Dex +4, Str/Int -1)
                  | [potion of mutation]
   141 | D        | Gained mutation: Your muscles are strong. (Str +4, Int/Dex
                  | -1) [potion of mutation]
   146 | D        | Noticed a water elemental
   153 | D        | Mangled by a water elemental

Illustrated notes

Levels and vault maps discovered:
D:        dungeon_sprint_mu [sprint_mu_entry_cave, sprint_mu_temple_rooms,
          sprint_mu_d1_horrors, sprint_mu_d2_genie, sprint_mu_d3_branching,
          sprint_mu_orc_legion, sprint_mu_elf_gauntlet, sprint_mu_hive_nellie,
          sprint_mu_lair_fedhas, sprint_mu_vaults_butterflies,
          sprint_mu_slime_circle, sprint_mu_swamp_cave, sprint_mu_shoals_kraken,
          sprint_mu_blade_basic, sprint_mu_crypt_lich, sprint_mu_tomb_spiral,
          sprint_mu_vestibule_basic, sprint_mu_gehenna_hellfire,
          sprint_mu_dis_giant, sprint_mu_tartarus_statrot,
          sprint_mu_cocytus_islands, sprint_mu_zot1]

Skill      XL: |  1  2  3 |
---------------+----------+-----
Stealth        | 1 |  1.6
Unarmed Combat | 4 5 |  5.1
Shapeshifting  | 4 5 |  5.6
Fighting       | |  1.1
Dodging        | |  2.7

Action                     || total
---------------------------++-------
  Melee: Unarmed           ||    19
         Tentacles         ||     7
         Constrict         ||     2
         Kick              ||     1
         Punch             ||     1
    Use: Scroll            ||     3
         Potion            ||     2
   Stab: Sleeping          ||     3
 Armour: Skin              ||     5
  Dodge: Dodged            ||     7

Table legend: (Time is in decaauts)
 A = Elapsed time spent in this place.
 B = Non-inter-level travel time spent in this place.
 C = Inter-level travel time spent in this place.
 D = Time resting spent in this place.
 E = Time spent auto-exploring this place.
 F = Levels seen in this place.
 G = Mean time per level.
                   A        B        C        D        E       F      G
               +--------+--------+--------+--------+--------+-----+--------+
         Total |    151 |    151 |      0 |     41 |     40 |   1 |  151.0 |
       Dungeon |    151 |    151 |      0 |     41 |     40 |   1 |  151.0 |
               +--------+--------+--------+--------+--------+-----+--------+

Top non-repeatable levels by time:
       D: 151 daAuts
